 Dungeon Crawl Stone Soup version 0.27.0-1-g7a089689b8 (webtiles) character file.

Game seed: 12429743086670812118

168 Sin92 the Skirmisher (level 5, -3/41 HPs)
             Began as a Demonspawn Fighter on Aug 5, 2021.
             Slain by a kobold brigand (7 damage)
             ... in a sewer.
             The game lasted 00:02:34 (2667 turns).

Sin92 the Skirmisher (Demonspawn Fighter)           Turns: 2667, Time: 00:02:35

Health: -3/41      AC:  6    Str: 17    XL:     5   Next: 24%
Magic:  5/5        EV:  7    Int:  9    God:
Gold:   113        SH:  9    Dex: 13    Spells: 4/4 levels left

rFire    . . .     SeeInvis .   a - +0 war axe
rCold    . . .     Faith    .   c - +0 kite shield
rNeg     . . .     Spirit   .   b - +0 scale mail
rPois    .         Reflect  .   (helmet restricted)
rElec    .         Harm     .   (no cloak)
rCorr    .         Rampage  .   (no gloves)
Will     .....                  (no boots)
Stlth    ..........             (no amulet)
HPRegen  0.13/turn              (no ring)
MPRegen  0.09/turn              (no ring)

@: no status effects
A: claws 2, horns 1
a: no special abilities


You were in a sewer.
You visited 1 branch of the dungeon, and saw 3 of its levels.
You also visited: Sewer.

You collected 113 gold pieces.

Inventory:

Hand Weapons
 a - a +0 war axe (weapon)
Armour
 b - a +0 scale mail (worn)
 c - a +0 kite shield (worn)
Jewellery
 g - a ring of fire
Scrolls
 h - 4 scrolls of identify {unknown}
 i - a scroll of silence
 j - a scroll of brand weapon {unknown}
 k - 2 scrolls of teleportation {unknown}
 l - a scroll of vulnerability {unknown}
Potions
 d - 2 potions of might
 e - a potion of degeneration {unknown}
 f - 5 potions of curing
 m - a potion of ambrosia {unknown}
 n - a potion of cancellation {unknown}
 o - 2 potions of haste {unknown}
 p - a potion of brilliance {unknown}
 q - a potion of magic {unknown}


   Skills:
 + Level 3.6 Fighting
 * Level 3.3 Axes
 + Level 3.2 Armour
 + Level 1.4 Dodging
 + Level 3.2 Shields


You had 4 spell levels left.
You didn't know any spells.
Your spell library contained the following spells:

 Spells                   Type           Power      Damage    Failure   Level
 Animate Skeleton         Necr           0%         N/A       99%         1
 Pain                     Necr           0%         1d4       99%         1
 Vampiric Draining        Necr           0%         2d6       100%        3


Dungeon Overview and Level Annotations

Branches:
Dungeon (3/15)              Sewer (1/1)

Altars:
Nemelex Xobeh
Xom


Innate Abilities, Weirdness & Mutations

You have very sharp fingernails.
You have a pair of small horns on your head.


Message History

The kobold brigand barely misses you. You block the kobold brigand's attack.
The kobold brigand completely misses you.
You closely miss the kobold brigand.
Your headbutt misses the kobold brigand.
The kobold brigand is severely wounded.
You hit the kobold brigand.
The kobold brigand hits you with a +0 dagger.
You block the kobold brigand's attack.
The kobold brigand hits you with a +0 dagger.
The kobold brigand hits you with a +0 whip.
* * * LOW HITPOINT WARNING * * *
There are monsters nearby!
You are too injured to fight recklessly!
Unknown command.
There are monsters nearby!
You are too injured to fight recklessly!
Unknown command.
There are monsters nearby!
You are too injured to fight recklessly!
Unknown command.
There are monsters nearby!
You are too injured to fight recklessly!
You are too injured to fight recklessly!
You are too injured to fight recklessly!
You miss the kobold brigand.
The kobold brigand is severely wounded.
You closely miss the kobold brigand.
The kobold brigand hits you with a +0 dagger!
* * * LOW HITPOINT WARNING * * *
You block the kobold brigand's attack.
Unknown command.
It was a potion of curing.
You feel better.
The kobold brigand hits you but does no damage. x2
You barely miss the kobold brigand. You headbutt the kobold brigand.
You kill the kobold brigand!
You hit the kobold brigand.
The kobold brigand hits you with a +0 whip.
* * * LOW HITPOINT WARNING * * *
The kobold brigand hits you with a +0 whip!
You die...

## .## ..## ##########
...####.....##.#
...............########
.................#...!#####
P.............P.))...)#.∩.#
≈≈...P.....≈≈≈≈.@)..∩[#.∩.#
≈≈≈........≈P≈≈≈K#..!.#...#
≈############≈≈########'###
≈≈≈≈≈≈≈≈≈≈≈≈≈≈≈≈≈≈≈≈≈≈≈≈≈≈#
≈≈≈≈≈≈≈≈≈≈≈≈≈≈≈≈≈≈≈≈≈≈≈≈≈≈#
≈≈≈≈≈≈≈≈≈≈≈≈≈≈≈≈≈≈≈≈≈≈≈≈≈≈#
#######≈≈≈#################
P...≈≈≈P≈≈P≈P....#....#
≈..P≈≈..≈≈≈≈....))..∩.#


You could see a kobold brigand.

Vanquished Creatures
  2 kobold brigands (Sewer)
  A hound zombie (D:3)
  2 adders (D:2)
  An adder skeleton (D:3)
  A worm (D:2)
  7 ball pythons
  8 endoplasms
  5 giant cockroaches
  3 goblins (D:1)
  4 hobgoblins
  2 jackals (D:1)
  3 bats
  2 frilled lizards
  A jackal skeleton (D:3)
  14 kobolds
  4 rats
60 creatures vanquished.

Vanquished Creatures (others)
  2 fungi (Sewer)
  2 plants (Sewer)
  3 withered plants (D:3)
7 creatures vanquished.

Grand Total: 67 creatures vanquished

Notes
Turn   | Place    | Note
-------+----------+-------------------------------------------
     0 | D:1      | Sin92 the Demonspawn Fighter began the quest for the Orb.
     0 | D:1      | Reached XP level 1. HP: 18/18 MP: 1/1
   110 | D:1      | Gained mutation: You have sharp fingernails. [demonic
                  | ancestry]
   110 | D:1      | Reached XP level 2. HP: 20/24 MP: 2/2
   583 | D:1      | Found a faded altar of an unknown god.
  1324 | D:2      | Gained mutation: You have a pair of small horns on your
                  | head. [demonic ancestry]
  1324 | D:2      | Reached XP level 3. HP: 28/29 MP: 3/3
  1566 | D:2      | Found a sparkling altar of Nemelex Xobeh.
  2053 | D:3      | Found a shimmering altar of Xom.
  2089 | D:3      | Reached skill level 1 in Dodging
  2089 | D:3      | Gained mutation: You have very sharp fingernails. [demonic
                  | ancestry]
  2089 | D:3      | Reached XP level 4. HP: 31/35 MP: 4/4
  2137 | D:3      | Found a glowing drain.
  2190 | Sewer    | Entered a sewer
  2371 | Sewer    | Noticed a kobold brigand
  2379 | Sewer    | Killed a kobold brigand
  2380 | Sewer    | Reached XP level 5. HP: 29/41 MP: 5/5
  2665 | Sewer    | HP: 2/41 [kobold brigand (7)]
  2667 | Sewer    | Slain by a kobold brigand

Illustrated notes

Levels and vault maps discovered:
D:1:      lightli_arrival_noodles, layout_basic,
          chequers_ecumenical_altar_simple, lemuel_old_faithful
D:2:      layout_basic, basic_altar
D:3:      layout_loops_corners, mainiacjoe_overflow_boulevard, serial_undead,
          serial_undead_f, serial_undead_c, serial_undead_b, serial_undead_b,
          serial_undead_c, serial_undead_b, serial_undead_e, serial_undead_d,
          serial_undead_e, serial_undead_d, cheibrodos_sewer_entry_sluice
Sewer:    kennysheep_pipe_town

Skill      XL: |  1  2  3  4 |
---------------+-------------+-----
Axes           | 2 3 |  3.3
Armour         | 3 |  3.2
Shields        | 3 |  3.2
Dodging        | 1 |  1.4
Fighting       | |  3.6

Action                   |  1- 3 |  4- 6 || total
-------------------------+-------+-------++-------
Melee: War axe           |   106 |    55 ||   161
       Headbutt          |     7 |    10 ||    17
  Use: Scroll            |     1 |       ||     1
       Potion            |       |     1 ||     1
Armor: Scale mail        |    50 |    22 ||    72
Dodge: Dodged            |    29 |    25 ||    54
Block: Kite shield       |    51 |    30 ||    81
